Map: Temple gelé

Players

Fatality - Winner!

  • Race: Terran Terran
  • League: Master

Oula

  • Race: Zerg Zerg
  • League: Diamond

VOD

Have the link to the VOD?

Description

Time

  • Played on: June 12, 2016, 11:26 a.m.
  • Length: 9:11
Show
View Real Time Build Order
Export as new Build Order

Fatality Terran - Winner!

Build Orders: Reaper Expand, MMM Bio 

Get SALT Encoding   

  12  0:00  SCV  
  13  0:14  Supply Depot  
  13  0:17  SCV  
  14  0:29  SCV  
  15  0:37  Barracks  
  15  0:41  Refinery  
  15  0:45  SCV  
  16  0:57  SCV  
  17  1:09  SCV  
  18  1:23  Orbital Command  
  18  1:24  Reaper  
  19  1:40  Command Center  
  19  1:49  SCV  
  20  1:56  Marine, Supply Depot  
  21  2:01  SCV  
  21  2:07  Barracks  
  22  2:13  SCV  
  23  2:16  Refinery  
  23  2:19  Barracks Reactor  
  23  2:36  SCV  
  24  2:48  SCV  
  24  2:50  Factory  
  25  2:55  Orbital Command  
  25  2:56  Marine x2, Bunker  
  27  3:00  SCV  
  28  3:07  Barracks Tech Lab  
  28  3:12  SCV  
  29  3:15  Marine  
  29  3:17  Marine  
  31  3:24  SCV  
  31  3:26  Supply Depot  
  32  3:33  Stimpack  
  32  3:35  SCV  
  32  3:36  SCV  
  34  3:43  Marine x3  
  31  4:01  Marine x3  
  32  4:08  SCV  
  32  4:10  SCV  
  33  4:19  Marine x2  
  33  4:23  SCV  
  36  4:24  SCV  
  36  4:26  Marine  
  38  4:34  Factory Reactor, Starport  
  38  4:35  SCV  
  38  4:36  Marine  
  40  4:39  SCV  
  40  4:45  Marine  
  41  4:47  SCV  
  41  4:49  Marine  
  41  4:51  SCV  
  44  4:57  Marine  
  44  4:59  SCV  
  46  5:03  Marine, SCV, Supply Depot  
  46  5:04  Engineering Bay  
  48  5:07  Marine  
  48  5:11  SCV  
  50  5:16  SCV, Factory Tech Lab  
  51  5:22  Medivac  
  51  5:23  Marine  
  51  5:25  Marine, SCV, Medivac  
  58  5:31  Supply Depot x2  
  58  5:39  Combat Shields  
  58  5:40  Barracks  
  58  5:41  Marine x2  
  61  5:50  SCV  
  61  5:51  SCV  
  61  5:53  Medivac  
  61  5:55  Medivac  
  66  6:00  Marine x3  
  66  6:02  SCV  
  66  6:03  Siege Tank  
  73  6:07  Refinery  
  73  6:09  Supply Depot  
  73  6:10  SCV  
  74  6:14  SCV  
  74  6:17  Marine x2  
  77  6:21  Refinery  
  77  6:22  SCV  
  78  6:26  Supply Depot  
  78  6:28  Terran Infantry Weapons Level 1  
  78  6:30  Medivac  
  80  6:35  SCV  
  81  6:45  Marine x3  
  85  6:52  Barracks Reactor, Siege Tank  
  87  7:01  Barracks  
  86  7:03  Marine, Barracks  
  86  7:04  Marine x2  
  88  7:14  Medivac x2  
  91  7:20  Supply Depot  
  91  7:21  Marine, Supply Depot  
  91  7:22  Marine x2  
  94  7:41  Marine x5, Supply Depot, Siege Tank  
  102  7:44  Supply Depot  
  102  7:51  Missile Turret  
  102  7:52  Missile Turret  
  102  7:55  Missile Turret  
  102  7:59  Marine x2  
  102  8:00  Barracks Reactor  
  102  8:01  Barracks Reactor  
  102  8:02  Missile Turret  
  104  8:08  Marine x2  
  104  8:09  Marine  
  107  8:17  Marine  
  107  8:19  Marine  
  108  8:26  Marine  
  110  8:28  Marine  
  110  8:29  Marine  
  110  8:31  Siege Tank  
  115  8:35  Marine  
  115  8:37  Marine  
  117  8:44  Marine  
  117  8:46  Marine x4  
Show
View Real Time Build Order
Export as new Build Order

Oula Zerg 

Build Orders: Pool First 

Get SALT Encoding   

  12  0:01  Drone  
  13  0:09  Drone  
  14  0:18  Overlord  
  14  0:36  Drone x3  
  17  0:48  Drone  
  18  0:51  Spawning Pool, Extractor  
  16  0:59  Drone  
  17  1:09  Drone  
  18  1:20  Hatchery  
  18  1:25  Drone  
  18  1:31  Overlord  
  18  1:40  Queen  
  18  1:46  Drone  
  21  2:03  Zergling x2  
  21  2:04  Zergling x2  
  21  2:05  Metabolic Boost  
  23  2:14  Drone  
  24  2:16  Queen  
  26  2:35  Drone x3  
  29  2:43  Queen  
  31  2:49  Overlord  
  31  2:57  Zergling x2  
  31  2:58  Zergling x8  
  36  3:08  Queen  
  36  3:12  Drone x2  
  40  3:23  Zergling x2, Drone x3  
  44  3:27  Overlord  
  40  3:49  Drone  
  40  3:50  Drone x4  
  42  4:08  Drone, Hatchery  
  42  4:09  Drone x2  
  43  4:15  Zergling x2  
  43  4:16  Zergling x8  
  48  4:24  Overlord x2  
  48  4:31  Overlord  
  48  4:35  Extractor  
  48  4:37  Evolution Chamber  
  46  4:38  Evolution Chamber  
  46  4:39  Zergling x8  
  49  4:58  Drone  
  50  5:00  Drone x4  
  50  5:04  Zerg Ground Armor Level 1, Zerg Melee Weapons Level 1  
  50  5:06  Lair  
  54  5:08  Spore Crawler  
  54  5:10  Spore Crawler, Drone  
  54  5:11  Drone x2  
  55  5:15  Pneumatized Carapace  
  55  5:28  Drone x7  
  58  5:33  Extractor  
  58  5:35  Baneling Nest  
  60  5:40  Drone  
  60  5:41  Drone x3  
  64  5:49  Overlord  
  64  5:50  Overlord  
  64  5:51  Drone x2  
  64  5:56  Spore Crawler  
  65  6:08  Overlord  
  65  6:09  Overlord  
  65  6:10  Zergling x16  
  73  6:28  Spire  
  73  6:29  Drone  
  73  6:30  Drone x7  
  80  6:35  Drone x3  
  80  6:37  Baneling x2  
  80  6:38  Baneling  
  73  6:48  Baneling  
  73  6:49  Baneling x8  
  73  6:51  Zergling x2  
  73  6:52  Zergling x8  
  75  6:55  Baneling x3  
  75  6:56  Baneling x2  
  70  7:03  Zergling x4  
  69  7:14  Drone  
  70  7:27  Extractor  
  69  7:35  Hatchery  
  68  7:43  Mutalisk x4  
  76  7:46  Zergling x8  
  80  8:02  Overlord x2  
  80  8:03  Overlord  
  80  8:08  Extractor x2  
  78  8:13  Drone  
  78  8:14  Drone x5  
  78  8:16  Drone x2  
  78  8:17  Drone  
  87  8:25  Hatchery  
  86  8:32  Zergling x14  
  93  8:54  Zergling x2  
  93  8:55  Baneling x2  
Tags
 
Add a new tag
Caveats
  • Supply blocks, unpowered buildings, or Contaminate may cause inaccurate times.
  • Supply counts are checked every 10 seconds.